 Dungeon Crawl Stone Soup version 0.31-a0-859-g9dce7d3444 (webtiles) character file.

Game seed: 4513375924393087926

2394 BinkBink the Skirmisher (level 9, -12/40 HPs)
             Began as a Spriggan Hexslinger on Oct 10, 2023.
             Was a Follower of Qazlal.
             Killed from afar by Erica (22 damage)
             ... with a bolt of poison
             ... on level 7 of the Dungeon.
             The game lasted 00:18:29 (8903 turns).

BinkBink the Skirmisher (Spriggan Hexslinger)       Turns: 8903, Time: 00:18:29

Health: -12/40     AC:  6    Str:  4    XL:     9   Next: 22%
Magic:  12/12      EV: 18    Int: 15    God:    Qazlal [*.....]
Gold:   1697       SH:  2    Dex: 21    Spells: 10/10 levels left

rFire   . . .        a - +4 sling
rCold   . . .        y - orb {mayhem}
rNeg    . . .        c - +0 robe
rPois   .            (helmet currently unavailable)
rElec   .            (cloak currently unavailable)
rCorr   .            (gloves unavailable)
SInv    +            (boots unavailable)
Will    ++...        u - amulet of faith
Stlth   ++           q - +4 ring of protection
HPRegen 0.26/turn    f - ring of willpower
MPRegen 0.13/turn

%: mayhem, faith
@: lethally poisoned (-12 -> -32), beast-form, very quick
A: beast (slay +3), very small, no large weapons, unfitting armour, see
invisible, speed 3
a: Begin Untransformation, Renounce Religion


You were on level 7 of the Dungeon.
You worshipped Qazlal.
Qazlal was aware of your devotion.
You were a hulking beast.
You visited 2 branches of the dungeon, and saw 9 of its levels.
You also visited: Ossuary.

You collected 1886 gold pieces.
You spent 189 gold pieces at shops.

Inventory:

Hand Weapons
 a - a +4 sling (weapon)
Missiles
 n - a throwing net
Armour
 c - a +0 robe (worn)
 y - an orb of mayhem (worn)
Jewellery
 f - a ring of willpower (right hand)
 g - a +6 ring of intelligence
 l - a ring of magical power
 m - a ring of protection from cold
 q - a +4 ring of protection (left hand)
 u - an amulet of faith (around neck)
 C - an amulet of regeneration
Talismans
 t - a beast talisman (active)
Wands
 r - a wand of digging (3)
 D - a wand of flame (7)
Scrolls
 b - a scroll of poison
 k - 2 scrolls of silence
 w - a scroll of blinking
 x - a scroll of fog
 z - 2 scrolls of identify
 A - 2 scrolls of vulnerability
 B - 3 scrolls of teleportation
 E - a scroll of noise {unknown}
 F - a scroll of amnesia
Potions
 d - 4 potions of attraction
 e - a potion of haste {unknown}
 h - 3 potions of mutation
 i - 7 potions of curing
 j - 4 potions of enlightenment
 o - a potion of ambrosia {unknown}
 p - 3 potions of invisibility
 s - 2 potions of brilliance
 v - a potion of degeneration {unknown}


   Skills:
 - Level 0.7 Fighting
 * Level 11.3 Ranged Weapons
 - Level 2.6 Dodging
 - Level 1.3 Spellcasting
 - Level 3.6 Hexes
 - Level 0.7 Fire Magic
 + Level 6.5 Shapeshifting


You had 10 spell levels left.
You didn't know any spells.
Your spell library contained the following spells:

 Spells                   Type           Power      Damage    Failure   Level
 Jinxbite                 Hex            22%        N/A       9%          2
 Confusing Touch          Hex            11%        N/A       16%         3
 Sigil of Binding         Hex            11%        N/A       16%         3
 Kiss of Death            Conj/Necr      4%         2d5       24%         1
 Inner Flame              Hex/Fire       7%         N/A       28%         3
 Dazzling Flash           Conj/Hex       12%        N/A       34%         3
 Cause Fear               Hex            5%         N/A       47%         4
 Hailstorm                Conj/Ice       1%         3d3       56%         3
 Ozocubu's Armour         Ice            1%         N/A       56%         3
 Dimensional Bullseye     Hex/Tloc       3%         N/A       75%         4
 Dispel Undead            Necr           1%         3d6       93%         4
 Summon Ice Beast         Ice/Summ       1%         N/A       93%         4
 Silence                  Hex/Air        3%         N/A       97%         5
 Agony                    Necr           1%         N/A       100%        5
 Simulacrum               Ice/Necr       0%         N/A       100%        6
 Ozocubu's Refrigeration  Ice            0%         4d7       100%        7


Dungeon Overview and Level Annotations

Branches:
Dungeon (8/15)             Temple (1/1) D:4         Ossuary (visited)
   Lair: D:8-11

Altars:
Ashenzari
Cheibriados
Elyvilon
Fedhas
Hepliaklqana
Kikubaaqudgha
Makhleb
Nemelex Xobeh
Qazlal
Ru
Sif Muna
Uskayaw
Xom
Yredelemnul
Zin
The Shining One

Shops:
D:2 =   D:7 ?

Annotations:
D:4 exclusion: oklob sapling
D:7 2 transporters, Erica; Gladio's ghost, novice MfGl
D:8 Maggie


Innate Abilities, Weirdness & Mutations

You are a hulking beast.
Your limbs bulge with bestial killing power. (Slay +3)
You are very small and have problems with some larger weapons.
You are too small for most types of armour.
You have supernaturally acute eyesight. (SInv)
You cover ground extremely quickly. (Speed+++)


Message History

Erica is lightly wounded.
There is a stone staircase leading up here.
You start waiting.
Erica is nearby!
You shoot a sling bullet. The sling bullet hits Erica!
Erica is moderately wounded.
Erica casts a spell at you. You resist with almost no effort.
You shoot a sling bullet. The sling bullet hits Erica.
Erica is moderately wounded.
You shoot a sling bullet. The sling bullet hits Erica!
Erica is moderately wounded.
You shoot a sling bullet. The sling bullet hits Erica!
Erica is heavily wounded.
You shoot a sling bullet. The sling bullet hits Erica!
Erica is severely wounded.
You shoot a sling bullet. The sling bullet hits Erica!
Erica is almost dead.
Erica says, "Fast and perfect.
Such is my way of killing."
You shoot a sling bullet. The sling bullet hits Erica!
Erica is almost dead.
Erica casts a spell.
Erica flickers and vanishes for a moment.
You climb upwards.
Level annotation: 2 transporters, Gladio's ghost, novice MfGl
There is a stone staircase leading down here.
Erica points at you and mumbles some strange words.
The bolt of poison hits you!!
You are poisoned.
Ouch! That really hurt!
You feel sick.
You feel sick.
You feel sick.
You feel sick.
You feel sick.
Erica points at you and mumbles some strange words.
The bolt of poison hits you!!
You are lethally poisoned!
Ouch! That really hurt!
You die...
Erica begins laughing uncontrollably.

♣♣.♣♣#.#.###.......#.#.#
.....#.#.....##.##...#.#
.....#.#..##.#.......#.#
####.#.#..##.#.......#.#
.........>.#.#.##..###.#
######.#...#.#.##....#.#
.....#.....#.#..[....#.#
####.##....@.........#.#
≈≈≈#.......#.###h###.#.#
≈S≈#....#..#.....<...#.#
≈≈≈#....+..#####..####.#
≈≈≈#....#............#.#
####...........#.#.#.#.#
.#........#......#.#.#.#
.#......<..###...#.#.#.#
.#......#..# #...#...#.#
.#.........# #...#####.#


You could see Erica (invisible).

Vanquished Creatures
  Grinder (D:6)
  An ice beast (D:6)
  A sky beast (D:7)
  A centaur (D:5)
  2 phantoms
  2 bullfrogs
  4 scorpions
  Blork the orc (D:6)
  4 wights (D:7)
  3 electric eels (D:6)
  3 howler monkeys
  4 hounds
  2 orc priests
  2 jellies
  A sleepcap (D:5)
  5 iguanas
  6 orc wizards
  8 mummies (Ossuary)
  8 adders
  3 gnolls (D:2)
  A white imp (D:6)
  An ufetubus (D:7)
  3 worms (D:2)
  2 dart slugs
  13 orcs
  8 endoplasms
  3 giant cockroaches
  4 goblins (D:2)
  8 hobgoblins
  2 jackals (D:5)
  6 quokkas
  6 ball pythons
  6 bats
  2 frilled lizards (D:2)
  A gnoll zombie (Ossuary)
  3 hobgoblin zombies (Ossuary)
  6 kobolds
  A kobold zombie (Ossuary)
  3 orc zombies (Ossuary)
  4 rats
145 creatures vanquished.

Vanquished Creatures (collateral kills)
  A wight (D:7)
  An orc wizard (D:7)
2 creatures vanquished.

Vanquished Creatures (others)
  An orc priest (D:7)
1 creature vanquished.

Grand Total: 148 creatures vanquished

Notes
Turn   | Place    | Note
-------+----------+-------------------------------------------
     0 | D:1      | BinkBink the Spriggan Hexslinger began the quest for the
                  | Orb.
     0 | D:1      | Reached XP level 1. HP: 9/9 MP: 3/3
   129 | D:1      | Reached XP level 2. HP: 14/14 MP: 5/5
   237 | D:1      | Reached skill level 3 in Ranged Weapons
   505 | D:2      | Reached XP level 3. HP: 17/17 MP: 6/6
   515 | D:2      | Reached skill level 4 in Ranged Weapons
   570 | D:2      | Found the +7 staff of the Meek {protect, meekguard}
   774 | D:2      | Reached XP level 4. HP: 21/21 MP: 7/7
  1377 | D:2      | Found Vafua's Jewellery Boutique.
  1611 | D:2      | Reached skill level 5 in Ranged Weapons
  2326 | D:4      | Reached XP level 5. HP: 23/25 MP: 8/8
  2496 | D:4      | Reached skill level 6 in Ranged Weapons
  2503 | D:4      | Found a staircase to the Ecumenical Temple.
  2592 | D:4      | Reached XP level 6. HP: 29/29 MP: 9/9
  2672 | D:4      | Found a sand-covered staircase.
  2781 | D:4      | Reached skill level 7 in Ranged Weapons
  2853 | Ossuary  | Entered an ossuary
  3976 | Ossuary  | Identified a scroll of acquirement
  3976 | Ossuary  | Acquired 1144 gold pieces
  4177 | D:4      | Reached XP level 7. HP: 27/32 MP: 10/10
  4321 | D:4      | Reached skill level 8 in Ranged Weapons
  4587 | Temple   | Entered the Ecumenical Temple
  4598 | Temple   | Became a worshipper of Qazlal Stormbringer
  4627 | D:5      | Entered Level 5 of the Dungeon
  4722 | D:5      | Reached skill level 1 in Shapeshifting
  4878 | D:5      | Reached skill level 9 in Ranged Weapons
  5022 | D:5      | Reached XP level 8. HP: 37/37 MP: 11/11
  5492 | D:6      | Noticed Blork the orc
  5534 | D:6      | Killed Blork the orc
  6100 | D:6      | Found a burning altar of Makhleb.
  6203 | D:6      | Found a glowing silver altar of Zin.
  6643 | D:6      | Reached * piety under Qazlal
  6644 | D:6      | Reached skill level 10 in Ranged Weapons
  6823 | D:6      | Identified the +0 ring mail "Ciuguer" {Int+5}
  6833 | D:6      | Noticed Grinder
  6879 | D:6      | Killed Grinder
  6880 | D:6      | Reached skill level 5 in Shapeshifting
  7312 | D:7      | Found a blossoming altar of Fedhas.
  7354 | D:7      | Reached XP level 9. HP: 40/40 MP: 12/12
  7694 | D:7      | Found Ickyri's Magic Scroll Boutique.
  7718 | D:7      | Bought a scroll of identify for 28 gold pieces
  7718 | D:7      | Bought a scroll of identify for 28 gold pieces
  7718 | D:7      | Bought a scroll of enchant weapon for 105 gold pieces
  7718 | D:7      | Bought a scroll of identify for 28 gold pieces
  7740 | D:7      | Identified the +3 great mace "Ymutetymm" {flame, rF++ Will+
                  | Str+2}
  7740 | D:7      | Identified the +5 dire flail of Gogung {flame, +Blink rN+
                  | Will+}
  7740 | D:7      | Noticed a two-headed ogre
  7741 | D:7      | Noticed Gladio's ghost (novice MfGl)
  7742 | D:7      | Found a transporter.
  7746 | D:7      | Found a transporter.
  8007 | D:7      | You fall into a shaft and drop 1 floor!
  8147 | D:7      | Reached skill level 11 in Ranged Weapons
  8669 | D:7      | Found a glowing golden altar of the Shining One.
  8862 | D:8      | Noticed Maggie
  8862 | D:8      | Noticed Erica
  8903 | D:7      | Killed from afar by Erica

Illustrated notes

Levels and vault maps discovered:
D:1:      roderic_dead_forest, layout_rooms, dreamdust_wishing_well
D:2:      minmay_diamond_boxcup, layout_loops_ring, serial_shops,
          nicolae_shop_gaudy_bauble
D:3:      layout_loops_ring
D:4:      layout_loops_ring, minmay_temple_entry_oklob, enter_ossuary_3
D:5:      layout_basic
D:6:      layout_gridville, bloody_makhleb, nicolae_overflow_crystal_walls,
          minivault_10, serial_bayou_lake_a, uniq_blork_the_orc, uniq_grinder
D:7:      layout_basic, fedhas_altar_1, tso_oasis_becter, serial_aquarium,
          aquarium_bridge_square [aquarium_subvault_bridge,
          aquarium_subvault_bridge, aquarium_subvault_bridge,
          aquarium_subvault_wall], aquarium_window_corridor_1,
          aquarium_window_corner, aquarium_window_1, aquarium_window_fake,
          aquarium_view_2d, aquarium_pool_double, gammafunk_ghost_smash,
          serial_shops, shop_coins, serial_bayou_crossing
D:8:      layout_basic, overflow_temple_1_default, overflow_temple_1_default,
          dpeg_oklobed_lair, nicolae_shop_i_like_small_books_too, uniq_maggie,
          uniq_erica, uniq_psyche, uniq_grum
Temple:   hellmonk_temple_flake

Skill      XL: |  1  2  3  4  5  6  7  8  9 |
---------------+----------------------------+-----
Ranged Weapons | 3 4 5 6 7 9 10 11 | 11.3
Shapeshifting  | 3 5 6 |  6.5
Fighting       | |  0.7
Dodging        | |  2.6
Spellcasting   | |  1.3
Hexes          | |  3.6
Fire Magic     | |  0.7

Action                     |  1- 3 |  4- 6 |  7- 9 || total
---------------------------+-------+-------+-------++-------
   Fire: Sling             |   100 |   281 |   257 ||   638
    Use: Scroll            |     2 |     8 |     8 ||    18
 Armour: Robe              |     8 |    23 |    33 ||    64
  Dodge: Dodged            |    13 |    31 |    14 ||    58
  Block: Orb               |       |       |     2 ||     2
   Form: Beast             |       |       |     1 ||     1

Table legend: (Time is in decaauts)
 A = Elapsed time spent in this place.
 B = Non-inter-level travel time spent in this place.
 C = Inter-level travel time spent in this place.
 D = Time resting spent in this place.
 E = Time spent auto-exploring this place.
 F = Levels seen in this place.
 G = Mean time per level.
                   A        B        C        D        E       F      G
               +--------+--------+--------+--------+--------+-----+--------+
         Total |   6784 |   6629 |    155 |   2382 |   2619 |  10 |  678.4 |
       Dungeon |   5654 |   5511 |    143 |   1492 |   2602 |   8 |  706.8 |
        Temple |     14 |      2 |     12 |      0 |      0 |   1 |   14.0 |
       Ossuary |   1115 |   1115 |      0 |    890 |     17 |   1 | 1115.0 |
               +--------+--------+--------+--------+--------+-----+--------+

Top non-repeatable levels by time:
     D:6: 1572 daAuts
     D:7: 1183 daAuts
 Ossuary: 1115 daAuts
     D:2: 841 daAuts
     D:4: 830 daAuts
     D:5: 469 daAuts
     D:3: 377 daAuts
     D:1: 339 daAuts
     D:8: 38 daAuts
  Temple: 14 daAuts
